1928 views
Uploaded 2023-08-27 17:49:21
Game version 1.36 (6115)
18:25 long 4on4 ladder game on (8)RoyalGardens_S2_v1.2
Saved by DKnight
1928 views
Uploaded 2023-08-27 17:49:21
Game version 1.36 (6115)
18:25 long 4on4 ladder game on (8)RoyalGardens_S2_v1.2


133 units @ 15.9k
/ 2.2k
94 buildings @ 12.3k
/ 5.4k


x1)
| Scroll of Regeneration | 4 | 400 |
| Potion of Healing | 4 | 600 |
| Potion of Mana | 1 | 200 |
| Lesser Clarity Potion | 1 | 70 |
| Orb of Fire | 1 | 325 |
| Staff of Sanctuary | 2 | 500 |
| Scroll of Town Portal | 4 | 1400 |
| Tome of Retraining | 1 | 300 |
| Boots of Speed | 1 | 250 |
| total: | 19 | 4045g |
| Peasant | 13 | 975 | / | 0 |
| Footman | 6 | 810 | / | 0 |
| Spell Breaker | 4 | 860 | / | 120 |
| Sorceress | 1 | 155 | / | 20 |
| Flying Machine | 2 | 200 | / | 60 |
| Siege Engine | 3 | 585 | / | 180 |
| Goblin Shredder | 1 | 375 | / | 100 |
| Dryad | 1 | 145 | / | 60 |
| Druid of the Claw | 1 | 255 | / | 80 |
| total: | 32 | 4360g | / | 620w |
| Scout Tower | 10 | 300 | / | 200 |
| Arcane Tower | 4 | 280 | / | 200 |
| Guard Tower | 5 | 350 | / | 250 |
| Altar of Kings | 1 | 180 | / | 50 |
| Farm | 9 | 720 | / | 180 |
| Barracks | 1 | 160 | / | 60 |
| Lumber Mill | 1 | 120 | / | 0 |
| Arcane Vault | 1 | 130 | / | 30 |
| Town Hall | 1 | 385 | / | 205 |
| Blacksmith | 1 | 140 | / | 60 |
| Arcane Sanctum | 2 | 300 | / | 280 |
| Workshop | 2 | 280 | / | 280 |
| Keep | 1 | 320 | / | 210 |
| Castle | 1 | 360 | / | 210 |
| total: | 29 | 2715g | / | 1345w |
| 0:03 | Peasant |
| 0:03 | Peasant |
| 0:03 | Peasant |
| 0:04 | Peasant |
| 0:23 | Altar of Kings |
| 0:36 | Farm |
| 0:51 | Barracks |
| 0:58 | Peasant |
| 0:58 | Peasant |
| 1:09 | Lumber Mill |
| 1:18 | Farm |
| 1:31 | Peasant |
| 1:31 | Peasant |
| 1:44 | Peasant |
| 1:44 | Peasant |
| 1:51 | Improved Lumber Harvesting |
| 1:56 | Scout Tower |
| 2:09 | Footman |
| 2:14 | Scout Tower |
| 2:15 | Scout Tower |
| 2:23 | Arcane Tower |
| 2:24 | Summon Water Elemental |
| 2:28 | Footman |
| 2:34 | Farm |
| 2:50 | Guard Tower |
| 3:19 | Arcane Vault |
| 3:21 | Peasant |
| 3:21 | Peasant |
| 3:44 | Defend |
| 3:47 | Peasant |
| 4:11 | Town Hall |
| 4:28 | Scout Tower |
| 4:30 | Scout Tower |
| 4:38 | Brilliance Aura |
| 4:42 | Scout Tower |
| 4:56 | Guard Tower |
| 4:59 | Guard Tower |
| 5:11 | Arcane Tower |
| 5:29 | Scout Tower |
| 5:30 | Scout Tower |
| 5:51 | Goblin Shredder |
| 6:00 | Arcane Tower |
| 6:07 | Footman |
| 6:07 | Footman |
| 6:17 | Improved Masonry |
| 6:21 | Guard Tower |
| 6:40 | Keep |
| 6:42 | Footman |
| 6:43 | Footman |
| 7:14 | Blacksmith |
| 7:18 | Farm |
| 7:20 | Farm |
| 7:34 | Tome of Retraining |
| 7:34 | Retrain Hero |
| 7:47 | Blizzard |
| 7:47 | Brilliance Aura |
| 7:52 | Boots of Speed |
| 8:01 | Black Gunpowder |
| 8:01 | Iron Forged Swords |
| 8:01 | Iron Plating |
| 8:05 | Farm |
| 8:08 | Farm |
| 8:21 | Scout Tower |
| 8:23 | Scout Tower |
| 9:01 | Arcane Tower |
| 9:01 | Guard Tower |
| 9:02 | Advanced Lumber Harvesting |
| 9:04 | Castle |
| 9:05 | Blizzard |
| 9:47 | Scroll of Regeneration |
| 9:49 | Potion of Healing |
| 9:52 | Arcane Sanctum |
| 9:52 | Arcane Sanctum |
| 10:00 | Potion of Healing |
| 10:00 | Potion of Mana |
| 10:03 | Storm Bolt |
| 10:54 | Workshop |
| 10:55 | Workshop |
| 10:57 | Advanced Masonry |
| 10:58 | Refined Gunpowder |
| 11:22 | Spell Breaker |
| 11:23 | Spell Breaker |
| 11:24 | Sorceress |
| 11:24 | Sorceress Adept Training |
| 11:24 | Magic Sentry |
| 11:33 | Lesser Clarity Potion |
| 11:34 | Potion of Healing |
| 11:36 | Orb of Fire |
| 11:41 | Scroll of Town Portal |
| 11:49 | Staff of Sanctuary |
| 12:09 | Flak Cannons |
| 12:09 | Barrage |
| 12:55 | Flying Machine |
| 12:55 | Flying Machine |
| 12:59 | Scroll of Town Portal |
| 12:59 | Scroll of Regeneration |
| 13:05 | Spell Breaker |
| 13:07 | Spell Breaker |
| 13:30 | Imbued Gunpowder |
| 13:31 | Steel Plating |
| 14:12 | Imbued Masonry |
| 14:13 | Fragmentation Shards |
| 14:53 | Siege Engine |
| 15:07 | Scroll of Town Portal |
| 15:07 | Scroll of Regeneration |
| 15:57 | Siege Engine |
| 16:02 | Sorceress Master Training |
| 16:03 | Priest Adept Training |
| 16:07 | Farm |
| 16:10 | Farm |
| 16:58 | Brilliance Aura |
| 17:09 | Mithril Plating |
| 17:10 | Siege Engine |
| 17:16 | Scroll of Town Portal |
| 17:16 | Scroll of Regeneration |
| 17:20 | Potion of Healing |
| 17:26 | Staff of Sanctuary |
| 17:40 | Abolish Magic |
| 17:41 | Dryad |
| 17:44 | Druid of the Claw Adept Training |
| 17:45 | Druid of the Claw |
| Right click | 1008 |
| Select group | 646 |
| Select | 395 |
| Build/train/purchase | 126 |
| Misc. action | 57 |
| Use ability | 32 |
| Assign group | 14 |
| Minimap ping | 10 |
| Resource trade | 6 |
| Item give/drop | 4 |
| Esc | 3 |


| Lesser Clarity Potion | 1 | 70 |
| Moonstone | 1 | 50 |
| total: | 2 | 120g |
| Wisp | 21 | 1260 | / | 0 |
| Archer | 2 | 260 | / | 20 |
| Dryad | 11 | 1595 | / | 660 |
| total: | 34 | 3115g | / | 680w |
| Ancient Protector | 6 | 810 | / | 480 |
| Moon Well | 8 | 1440 | / | 320 |
| Altar of Elders | 1 | 180 | / | 50 |
| Hunter's Hall | 1 | 210 | / | 100 |
| Ancient of War | 1 | 150 | / | 60 |
| Ancient of Wonders | 1 | 90 | / | 30 |
| Tree of Life | 2 | 680 | / | 370 |
| Ancient of Lore | 3 | 465 | / | 435 |
| Tree of Ages | 1 | 320 | / | 180 |
| total: | 23 | 4025g | / | 1845w |
| 0:05 | Wisp |
| 0:05 | Wisp |
| 0:07 | Moon Well |
| 0:09 | Altar of Elders |
| 0:32 | Wisp |
| 0:32 | Wisp |
| 0:55 | Wisp |
| 1:01 | Moon Well |
| 1:04 | Wisp |
| 1:20 | Wisp |
| 1:21 | Wisp |
| 1:52 | Wisp |
| 1:53 | Wisp |
| 2:16 | Tree of Ages |
| 2:20 | Hunter's Hall |
| 2:24 | Entangling Roots |
| 2:34 | Ancient of War |
| 3:26 | Moon Well |
| 3:29 | Strength of the Wild |
| 4:08 | Ancient of Wonders |
| 5:02 | Ancient of Lore |
| 5:04 | Ancient of Lore |
| 5:08 | Ancient of Lore |
| 5:22 | Moon Well |
| 5:25 | Lesser Clarity Potion |
| 5:26 | Moonstone |
| 5:40 | Trueshot Aura |
| 6:01 | Wisp |
| 6:01 | Wisp |
| 6:01 | Wisp |
| 6:01 | Wisp |
| 6:03 | Wisp |
| 6:23 | Ancient Protector |
| 6:25 | Abolish Magic |
| 6:42 | Ancient Protector |
| 6:46 | Ancient Protector |
| 6:52 | Archer |
| 6:52 | Archer |
| 7:11 | Dryad |
| 7:16 | Wisp |
| 7:17 | Wisp |
| 7:17 | Wisp |
| 7:21 | Thorns Aura |
| 7:48 | Dryad |
| 7:54 | Ancient Protector |
| 8:44 | Dryad |
| 9:49 | Searing Arrows |
| 9:53 | Dryad |
| 10:40 | Dryad |
| 10:50 | Wisp |
| 10:50 | Wisp |
| 10:50 | Wisp |
| 11:23 | Tree of Life |
| 11:25 | Ancient Protector |
| 11:27 | Ancient Protector |
| 11:48 | Tree of Life |
| 11:50 | Dryad |
| 11:56 | Moon Well |
| 12:02 | Trueshot Aura |
| 12:55 | Moon Well |
| 12:57 | Dryad |
| 13:00 | Moon Well |
| 13:04 | Moon Well |
| 14:36 | Nature's Blessing |
| 14:38 | Dryad |
| 14:45 | Dryad |
| 15:14 | Dryad |
| 18:12 | Dryad |
| Right click | 406 |
| Select | 250 |
| Build/train/purchase | 56 |
| Use ability | 31 |
| Resource trade | 12 |
| Remove unit | 1 |



| Orb of Venom | 1 | 325 |
| Anti-magic Potion | 1 | 100 |
| Dust of Appearance | 1 | 75 |
| Scroll of Town Portal | 3 | 1050 |
| Boots of Speed | 1 | 250 |
| Potion of Lesser Invulnerability | 1 | 150 |
| total: | 8 | 1950g |
| Wisp | 19 | 1140 | / | 0 |
| Archer | 18 | 2340 | / | 180 |
| Mountain Giant | 3 | 1050 | / | 300 |
| total: | 40 | 4530g | / | 480w |
| Ancient Protector | 4 | 540 | / | 320 |
| Moon Well | 6 | 1080 | / | 240 |
| Ancient of War | 2 | 300 | / | 120 |
| Altar of Elders | 1 | 180 | / | 50 |
| Ancient of Wonders | 1 | 90 | / | 30 |
| Hunter's Hall | 1 | 210 | / | 100 |
| Tree of Life | 1 | 340 | / | 185 |
| Ancient of Lore | 3 | 465 | / | 435 |
| Tree of Ages | 1 | 320 | / | 180 |
| Tree of Eternity | 1 | 330 | / | 200 |
| total: | 19 | 3205g | / | 1480w |
| 0:05 | Wisp |
| 0:05 | Wisp |
| 0:16 | Moon Well |
| 0:18 | Wisp |
| 0:25 | Ancient of War |
| 0:39 | Wisp |
| 0:54 | Altar of Elders |
| 0:55 | Wisp |
| 1:18 | Moon Well |
| 1:21 | Wisp |
| 1:25 | Archer |
| 1:38 | Archer |
| 1:46 | Wisp |
| 2:05 | Archer |
| 2:07 | Wisp |
| 2:19 | Black Arrow |
| 2:23 | Wisp |
| 2:24 | Archer |
| 2:30 | Ancient of Wonders |
| 2:58 | Archer |
| 3:00 | Wisp |
| 3:00 | Wisp |
| 3:00 | Wisp |
| 3:23 | Hunter's Hall |
| 3:32 | Dust of Appearance |
| 3:55 | Moon Well |
| 4:14 | Life Drain |
| 4:27 | Tree of Ages |
| 4:30 | Ancient Protector |
| 5:05 | Ancient Protector |
| 5:32 | Tree of Life |
| 5:37 | Archer |
| 6:01 | Black Arrow |
| 6:08 | Ancient Protector |
| 6:10 | Ancient Protector |
| 6:28 | Archer |
| 7:19 | Boots of Speed |
| 7:21 | Potion of Lesser Invulnerability |
| 7:36 | Tree of Eternity |
| 8:00 | Archer |
| 8:00 | Improved Bows |
| 8:44 | Ancient of Lore |
| 8:57 | Ancient of Lore |
| 9:01 | Ancient of Lore |
| 9:13 | Wisp |
| 9:13 | Wisp |
| 9:13 | Wisp |
| 9:13 | Wisp |
| 9:13 | Wisp |
| 9:25 | Scroll of Town Portal |
| 9:43 | Trueshot Aura |
| 10:36 | Mountain Giant |
| 10:52 | Strength of the Wild |
| 10:53 | Reinforced Hides |
| 10:53 | Well Spring |
| 10:55 | Improved Strength of the Wild |
| 10:55 | Improved Reinforced Hides |
| 10:57 | Hardened Skin |
| 10:59 | Resistant Skin |
| 11:05 | Moon Well |
| 11:06 | Moon Well |
| 11:09 | Moon Well |
| 11:17 | Life Drain |
| 12:03 | Archer |
| 12:04 | Archer |
| 12:04 | Archer |
| 12:04 | Archer |
| 12:15 | Frost Arrows |
| 12:24 | Searing Arrows |
| 12:51 | Mountain Giant |
| 14:16 | Mountain Giant |
| 14:22 | Ancient of War |
| 14:23 | Wisp |
| 14:23 | Wisp |
| 14:41 | Archer |
| 14:41 | Archer |
| 14:41 | Archer |
| 14:43 | Archer |
| 14:47 | Scroll of Town Portal |
| 14:53 | Orb of Venom |
| 14:58 | Anti-magic Potion |
| 15:06 | Scroll of Town Portal |
| 15:11 | Archer |
| 15:11 | Archer |
| 15:58 | Marksmanship |
| Right click | 644 |
| Select group | 434 |
| Select | 224 |
| Build/train/purchase | 85 |
| Assign group | 35 |
| Use ability | 14 |
| Minimap ping | 7 |
| Remove unit | 4 |
| Resource trade | 4 |
| Item give/drop | 3 |


| Lesser Clarity Potion | 2 | 140 |
| Scroll of Regeneration | 3 | 300 |
| Potion of Healing | 3 | 450 |
| Scroll of Town Portal | 5 | 1750 |
| total: | 13 | 2640g |
| Peasant | 8 | 600 | / | 0 |
| Footman | 5 | 675 | / | 0 |
| Priest | 7 | 945 | / | 70 |
| Knight | 6 | 1470 | / | 360 |
| Assassin | 1 | 250 | / | 30 |
| total: | 27 | 3940g | / | 460w |
| Scout Tower | 1 | 30 | / | 20 |
| Arcane Tower | 1 | 70 | / | 50 |
| Altar of Kings | 1 | 180 | / | 50 |
| Farm | 13 | 1040 | / | 260 |
| Barracks | 2 | 320 | / | 120 |
| Arcane Vault | 2 | 260 | / | 60 |
| Lumber Mill | 2 | 240 | / | 0 |
| Blacksmith | 1 | 140 | / | 60 |
| Arcane Sanctum | 1 | 150 | / | 140 |
| Keep | 1 | 320 | / | 210 |
| Castle | 2 | 720 | / | 420 |
| total: | 23 | 2360g | / | 710w |
| 0:02 | Peasant |
| 0:06 | Altar of Kings |
| 0:06 | Peasant |
| 0:18 | Farm |
| 0:21 | Barracks |
| 0:22 | Peasant |
| 0:35 | Peasant |
| 0:49 | Farm |
| 0:51 | Peasant |
| 1:18 | Peasant |
| 1:22 | Footman |
| 1:32 | Farm |
| 1:38 | Footman |
| 1:46 | Peasant |
| 2:00 | Footman |
| 2:04 | Peasant |
| 2:08 | Storm Bolt |
| 2:32 | Footman |
| 2:52 | Farm |
| 2:57 | Scout Tower |
| 3:00 | Footman |
| 3:26 | Keep |
| 3:32 | Arcane Tower |
| 3:56 | Assassin |
| 4:00 | Thunder Clap |
| 4:10 | Arcane Vault |
| 5:24 | Storm Bolt |
| 5:28 | Arcane Vault |
| 5:29 | Farm |
| 5:30 | Farm |
| 5:52 | Arcane Sanctum |
| 6:00 | Lumber Mill |
| 6:05 | Lesser Clarity Potion |
| 6:05 | Scroll of Regeneration |
| 6:11 | Potion of Healing |
| 6:24 | Lumber Mill |
| 6:31 | Defend |
| 6:46 | Scroll of Town Portal |
| 7:02 | Farm |
| 7:10 | Priest |
| 7:24 | Siphon Mana |
| 7:51 | Castle |
| 7:52 | Blacksmith |
| 8:07 | Priest |
| 8:37 | Priest |
| 8:37 | Priest Adept Training |
| 8:57 | Farm |
| 8:57 | Farm |
| 8:59 | Farm |
| 9:20 | Iron Forged Swords |
| 9:35 | Flame Strike |
| 9:43 | Scroll of Regeneration |
| 9:45 | Potion of Healing |
| 9:45 | Scroll of Regeneration |
| 10:28 | Barracks |
| 10:38 | Thunder Clap |
| 10:42 | Flame Strike |
| 10:46 | Priest Master Training |
| 10:48 | Improved Lumber Harvesting |
| 10:52 | Farm |
| 10:54 | Knight |
| 11:32 | Farm |
| 11:33 | Farm |
| 11:40 | Scroll of Town Portal |
| 11:50 | Knight |
| 11:53 | Priest |
| 12:15 | Knight |
| 12:20 | Knight |
| 12:53 | Animal War Training |
| 13:28 | Lesser Clarity Potion |
| 13:32 | Scroll of Town Portal |
| 14:02 | Priest |
| 14:17 | Knight |
| 14:37 | Priest |
| 15:06 | Priest |
| 15:41 | Scroll of Town Portal |
| 16:17 | Knight |
| 16:46 | Potion of Healing |
| 17:10 | Scroll of Town Portal |
| 17:31 | Siphon Mana |
| 17:43 | Thunder Clap |
| Select group | 1826 |
| Right click | 1516 |
| Select | 351 |
| Build/train/purchase | 107 |
| Assign group | 78 |
| Use ability | 54 |
| Misc. action | 45 |
| Minimap ping | 21 |
| Item give/drop | 4 |
| Esc | 2 |
116 units @ 17.4k
/ 2.4k
60 buildings @ 9.7k
/ 3.1k


| Healing Salve | 2 | 200 |
| Scroll of Town Portal | 1 | 350 |
| total: | 3 | 550g |
| Peon | 11 | 825 | / | 0 |
| Troll Headhunter | 19 | 2660 | / | 380 |
| Troll Berserker | 8 | 1120 | / | 160 |
| total: | 38 | 4605g | / | 540w |
| Altar of Storms | 1 | 180 | / | 50 |
| War Mill | 1 | 205 | / | 0 |
| Orc Burrow | 7 | 1120 | / | 280 |
| Barracks | 2 | 360 | / | 100 |
| Voodoo Lounge | 1 | 130 | / | 30 |
| Stronghold | 1 | 315 | / | 190 |
| Fortress | 1 | 325 | / | 190 |
| total: | 12 | 1995g | / | 460w |
| 0:03 | Peon |
| 0:03 | Peon |
| 0:08 | Altar of Storms |
| 0:15 | War Mill |
| 0:33 | Orc Burrow |
| 0:51 | Peon |
| 1:07 | Barracks |
| 1:40 | Peon |
| 1:40 | Peon |
| 1:40 | Peon |
| 1:51 | Orc Burrow |
| 2:07 | Peon |
| 2:16 | Troll Headhunter |
| 2:29 | Serpent Ward |
| 2:32 | Troll Headhunter |
| 2:52 | Troll Headhunter |
| 3:27 | Stronghold |
| 3:42 | Troll Headhunter |
| 4:01 | Orc Burrow |
| 4:14 | Steel Ranged Weapons |
| 4:28 | Hex |
| 5:28 | Troll Headhunter |
| 5:28 | Troll Headhunter |
| 5:36 | Voodoo Lounge |
| 6:28 | Rain of Fire |
| 6:35 | Thorium Ranged Weapons |
| 6:42 | Healing Salve |
| 6:56 | Healing Salve |
| 7:04 | Troll Regeneration |
| 7:38 | Fortress |
| 8:16 | Troll Headhunter |
| 8:16 | Troll Headhunter |
| 8:21 | Healing Wave |
| 8:45 | Barracks |
| 9:51 | Troll Headhunter |
| 9:51 | Troll Headhunter |
| 9:52 | Troll Headhunter |
| 9:52 | Troll Headhunter |
| 10:47 | Troll Headhunter |
| 11:10 | Troll Headhunter |
| 11:23 | Troll Headhunter |
| 11:40 | Troll Headhunter |
| 11:58 | Troll Headhunter |
| 12:36 | Berserker Upgrade |
| 12:38 | Troll Headhunter |
| 12:57 | Troll Headhunter |
| 13:17 | Troll Berserker |
| 13:18 | Troll Berserker |
| 13:20 | Troll Berserker |
| 13:20 | Troll Berserker |
| 14:14 | Orc Burrow |
| 14:45 | Scroll of Town Portal |
| 14:55 | Orc Burrow |
| 15:30 | Orc Burrow |
| 15:49 | Orc Burrow |
| 15:55 | Troll Berserker |
| 16:24 | Troll Berserker |
| 16:24 | Troll Berserker |
| 17:24 | Cleaving Attack |
| 17:24 | Howl of Terror |
| 17:34 | Troll Berserker |
| 17:36 | Peon |
| 17:36 | Peon |
| 17:37 | Peon |
| 17:37 | Peon |
| 17:50 | Serpent Ward |
| Right click | 619 |
| Select | 354 |
| Select group | 95 |
| Build/train/purchase | 69 |
| Use ability | 30 |
| Chat | 21 |
| Assign group | 8 |
| Minimap ping | 5 |
| Remove unit | 4 |

| Lesser Clarity Potion | 8 | 560 |
| Healing Salve | 5 | 500 |
| Orb of Lightning | 1 | 375 |
| Boots of Speed | 1 | 250 |
| Staff of Teleportation | 1 | 150 |
| Circlet of Nobility | 1 | 175 |
| total: | 17 | 2010g |
| Peon | 10 | 750 | / | 0 |
| Wind Rider | 8 | 2120 | / | 320 |
| total: | 18 | 2870g | / | 320w |
| Watch Tower | 4 | 440 | / | 320 |
| Altar of Storms | 1 | 180 | / | 50 |
| Orc Burrow | 7 | 1120 | / | 280 |
| Voodoo Lounge | 1 | 130 | / | 30 |
| War Mill | 1 | 205 | / | 0 |
| Beastiary | 2 | 290 | / | 280 |
| Spirit Lodge | 1 | 150 | / | 150 |
| Stronghold | 2 | 630 | / | 380 |
| Fortress | 2 | 650 | / | 380 |
| total: | 17 | 2515g | / | 1110w |
| 0:03 | Peon |
| 0:03 | Peon |
| 0:06 | Altar of Storms |
| 0:10 | Orc Burrow |
| 0:27 | Peon |
| 0:42 | Peon |
| 0:52 | Voodoo Lounge |
| 0:56 | Peon |
| 1:00 | Peon |
| 1:20 | Orc Burrow |
| 1:22 | Peon |
| 1:35 | Peon |
| 1:36 | Peon |
| 1:44 | Peon |
| 2:06 | War Mill |
| 2:12 | Lesser Clarity Potion |
| 2:12 | Lesser Clarity Potion |
| 2:18 | Wind Walk |
| 2:27 | Healing Salve |
| 2:29 | Lesser Clarity Potion |
| 3:01 | Stronghold |
| 3:27 | Watch Tower |
| 3:28 | Watch Tower |
| 3:45 | Watch Tower |
| 3:46 | Watch Tower |
| 4:57 | Spiked Barricades |
| 5:18 | Boots of Speed |
| 5:19 | Staff of Teleportation |
| 5:21 | Circlet of Nobility |
| 5:29 | Fortress |
| 5:33 | Beastiary |
| 5:44 | Beastiary |
| 5:50 | Lesser Clarity Potion |
| 5:57 | Reinforced Defenses |
| 6:05 | Improved Spiked Barricades |
| 6:28 | Steel Armor |
| 6:36 | Orc Burrow |
| 7:01 | Healing Salve |
| 7:02 | Lesser Clarity Potion |
| 7:07 | Lesser Clarity Potion |
| 7:20 | Wind Rider |
| 7:28 | Steel Ranged Weapons |
| 7:54 | Critical Strike |
| 8:12 | Wind Rider |
| 8:13 | Envenomed Spears |
| 9:08 | Wind Rider |
| 9:34 | Orc Burrow |
| 9:50 | Wind Rider |
| 9:50 | Wind Rider |
| 10:32 | Thorium Armor |
| 10:46 | Orc Burrow |
| 11:01 | Orc Burrow |
| 11:22 | Thorium Ranged Weapons |
| 11:39 | Lesser Clarity Potion |
| 11:49 | Orb of Lightning |
| 12:33 | Critical Strike |
| 13:01 | Wind Rider |
| 13:34 | Wind Rider |
| 14:26 | Arcanite Ranged Weapons |
| 14:27 | Orc Burrow |
| 14:53 | Wind Walk |
| 15:15 | Arcanite Armor |
| 15:18 | Healing Salve |
| 15:23 | Lesser Clarity Potion |
| 15:34 | Healing Salve |
| 15:34 | Healing Salve |
| 15:56 | Spirit Lodge |
| 17:08 | Wind Rider |
| 17:21 | Shaman Adept Training |
| 17:40 | Critical Strike |
| Right click | 843 |
| Select group | 247 |
| Select | 139 |
| Misc. action | 129 |
| Build/train/purchase | 91 |
| Use ability | 18 |
| Minimap ping | 14 |
| Assign group | 13 |
| Item give/drop | 3 |


| Rod of Necromancy | 1 | 150 |
| Lesser Clarity Potion | 2 | 140 |
| Potion of Healing | 2 | 300 |
| Orb of Corruption | 1 | 375 |
| Scroll of Town Portal | 2 | 700 |
| total: | 8 | 1665g |
| Acolyte | 7 | 525 | / | 0 |
| Ghoul | 6 | 720 | / | 0 |
| Crypt Fiend | 13 | 2795 | / | 520 |
| Obsidian Statue | 4 | 800 | / | 140 |
| Frost Wyrm | 1 | 385 | / | 120 |
| total: | 31 | 5225g | / | 780w |
| Nerubian Tower | 1 | 100 | / | 20 |
| Spirit Tower | 2 | 290 | / | 80 |
| Ziggurat | 5 | 750 | / | 250 |
| Altar of Darkness | 1 | 180 | / | 50 |
| Graveyard | 1 | 215 | / | 0 |
| Crypt | 1 | 200 | / | 50 |
| Tomb of Relics | 1 | 130 | / | 30 |
| Necropolis | 2 | 450 | / | 0 |
| Slaughterhouse | 1 | 140 | / | 135 |
| Boneyard | 1 | 175 | / | 200 |
| Halls of the Dead | 2 | 640 | / | 420 |
| Black Citadel | 1 | 325 | / | 230 |
| total: | 13 | 2240g | / | 715w |
| 0:03 | Acolyte |
| 0:03 | Acolyte |
| 0:51 | Acolyte |
| 1:16 | Ziggurat |
| 1:21 | Altar of Darkness |
| 1:22 | Graveyard |
| 1:24 | Crypt |
| 1:30 | Tomb of Relics |
| 1:33 | Ziggurat |
| 2:08 | Nerubian Tower |
| 2:27 | Ghoul |
| 2:33 | Ziggurat |
| 2:36 | Ghoul |
| 3:00 | Ghoul |
| 3:05 | Ghoul |
| 3:15 | Crypt Fiend |
| 3:20 | Death Coil |
| 3:23 | Rod of Necromancy |
| 3:55 | Crypt Fiend |
| 4:10 | Crypt Fiend |
| 4:28 | Crypt Fiend |
| 4:58 | Crypt Fiend |
| 5:29 | Crypt Fiend |
| 5:36 | Ziggurat |
| 6:00 | Halls of the Dead |
| 6:29 | Crypt Fiend |
| 6:39 | Unholy Aura |
| 6:57 | Crypt Fiend |
| 7:09 | Lesser Clarity Potion |
| 7:10 | Potion of Healing |
| 7:16 | Lesser Clarity Potion |
| 7:16 | Potion of Healing |
| 7:22 | Creature Attack |
| 7:32 | Crypt Fiend |
| 8:05 | Crypt Fiend |
| 8:09 | Death Coil |
| 8:28 | Slaughterhouse |
| 8:54 | Scroll of Town Portal |
| 8:58 | Web |
| 9:04 | Spirit Tower |
| 10:28 | Crypt Fiend |
| 10:29 | Obsidian Statue |
| 10:31 | Black Citadel |
| 11:15 | Scroll of Town Portal |
| 11:30 | Creature Carapace |
| 12:26 | Necropolis |
| 12:50 | Obsidian Statue |
| 12:56 | Burrow |
| 13:30 | Crypt Fiend |
| 13:32 | Acolyte |
| 13:42 | Destroyer Form |
| 13:49 | Frost Nova |
| 13:52 | Orb of Corruption |
| 14:09 | Improved Creature Carapace |
| 14:09 | Advanced Creature Carapace |
| 14:15 | Boneyard |
| 14:53 | Obsidian Statue |
| 14:56 | Ziggurat |
| 15:43 | Unholy Aura |
| 16:02 | Necropolis |
| 16:09 | Obsidian Statue |
| 16:12 | Ghoul |
| 16:12 | Ghoul |
| 16:49 | Frost Armor |
| 17:35 | Frost Wyrm |
| 17:36 | Crypt Fiend |
| 17:48 | Acolyte |
| 17:48 | Acolyte |
| 17:48 | Acolyte |
| Right click | 768 |
| Select | 513 |
| Build/train/purchase | 111 |
| Chat | 43 |
| Use ability | 29 |
| Misc. action | 21 |
| Esc | 16 |
| Remove unit | 1 |
| Minimap ping | 1 |


| Rod of Necromancy | 4 | 600 |
| Potion of Mana | 2 | 400 |
| Orb of Corruption | 1 | 375 |
| Potion of Healing | 1 | 150 |
| Scroll of Town Portal | 2 | 700 |
| Scroll of Healing | 1 | 250 |
| total: | 11 | 2475g |
| Acolyte | 9 | 675 | / | 0 |
| Ghoul | 3 | 360 | / | 0 |
| Crypt Fiend | 13 | 2795 | / | 520 |
| Obsidian Statue | 2 | 400 | / | 70 |
| Abomination | 2 | 480 | / | 140 |
| total: | 29 | 4710g | / | 730w |
| Spirit Tower | 4 | 580 | / | 160 |
| Nerubian Tower | 2 | 200 | / | 40 |
| Crypt | 2 | 400 | / | 100 |
| Graveyard | 1 | 215 | / | 0 |
| Altar of Darkness | 1 | 180 | / | 50 |
| Ziggurat | 10 | 1500 | / | 500 |
| Tomb of Relics | 2 | 260 | / | 60 |
| Necropolis | 1 | 225 | / | 0 |
| Slaughterhouse | 1 | 140 | / | 135 |
| Halls of the Dead | 2 | 640 | / | 420 |
| Black Citadel | 2 | 650 | / | 460 |
| total: | 18 | 2920g | / | 845w |
| 0:02 | Acolyte |
| 0:02 | Acolyte |
| 0:06 | Crypt |
| 0:30 | Graveyard |
| 0:51 | Altar of Darkness |
| 0:56 | Ziggurat |
| 1:09 | Ghoul |
| 1:21 | Ghoul |
| 1:36 | Tomb of Relics |
| 1:55 | Ziggurat |
| 2:18 | Crypt Fiend |
| 2:47 | Crypt Fiend |
| 2:52 | Death Coil |
| 3:01 | Rod of Necromancy |
| 3:32 | Crypt Fiend |
| 3:40 | Acolyte |
| 3:56 | Halls of the Dead |
| 4:24 | Crypt Fiend |
| 4:40 | Unholy Aura |
| 4:56 | Necropolis |
| 5:29 | Creature Attack |
| 6:07 | Creature Carapace |
| 6:14 | Death Coil |
| 6:32 | Rod of Necromancy |
| 6:49 | Ziggurat |
| 6:50 | Acolyte |
| 6:50 | Acolyte |
| 7:13 | Burrow |
| 7:16 | Ghoul |
| 7:31 | Ziggurat |
| 7:33 | Acolyte |
| 7:58 | Spirit Tower |
| 8:16 | Frost Nova |
| 8:38 | Nerubian Tower |
| 8:40 | Acolyte |
| 8:40 | Acolyte |
| 8:51 | Tomb of Relics |
| 8:57 | Black Citadel |
| 8:59 | Slaughterhouse |
| 9:50 | Crypt Fiend |
| 9:50 | Web |
| 10:17 | Scroll of Town Portal |
| 10:32 | Ziggurat |
| 10:35 | Ziggurat |
| 10:36 | Obsidian Statue |
| 10:51 | Death Pact |
| 10:57 | Dark Ritual |
| 11:01 | Crypt Fiend |
| 11:02 | Obsidian Statue |
| 11:12 | Crypt |
| 11:18 | Potion of Mana |
| 11:25 | Orb of Corruption |
| 11:25 | Scroll of Healing |
| 11:25 | Potion of Healing |
| 11:26 | Potion of Mana |
| 11:26 | Rod of Necromancy |
| 11:32 | Destroyer Form |
| 11:50 | Improved Creature Attack |
| 12:03 | Crypt Fiend |
| 12:03 | Crypt Fiend |
| 12:18 | Spirit Tower |
| 12:28 | Crypt Fiend |
| 12:34 | Crypt Fiend |
| 13:06 | Crypt Fiend |
| 13:07 | Abomination |
| 13:23 | Ziggurat |
| 13:25 | Ziggurat |
| 13:51 | Crypt Fiend |
| 14:28 | Crypt Fiend |
| 14:30 | Improved Creature Carapace |
| 14:47 | Frost Nova |
| 14:57 | Acolyte |
| 15:05 | Scroll of Town Portal |
| 15:08 | Rod of Necromancy |
| 15:27 | Abomination |
| 16:02 | Ziggurat |
| 16:06 | Ziggurat |
| 16:58 | Death Coil |
| 18:07 | Animate Dead |
| 18:15 | Dark Ritual |
| Right click | 1098 |
| Select group | 944 |
| Select | 357 |
| Build/train/purchase | 106 |
| Misc. action | 102 |
| Use ability | 50 |
| Assign group | 39 |
| Chat | 19 |
| Minimap ping | 6 |
| Item give/drop | 3 |
⇛